cohdb
Replays
Latest Replays
All Replays
Popular Replays
Top Player Replays
Match Explorer
How It Works
Community
CoH3 Stats
Reddit
Sign in to upload your games and track your stats! →
Sign in with Steam
Match 44764630
Unlisted
Match 44764630
Overview
Messages
Build Orders
End
Pioneer Squad
Construct Infanterie Kompanie
Selects Terror Battlegroup
Selects Terror Battlegroup
Selects Machine Gun Camouflage
MG 42 Machine Gun Team
MG 42 Machine Gun Team
Grenadier Squad
Construct Luftwaffe Kompanie
Jäger Squad
221 Scout Car
Luftwaffe Officer Quarters
Flak 30 Anti-aircraft Gun Team
Jäger Squad
Support Elements
Selects Interrogate
Selects Jericho Trumpet
Medical Bunker
Wirbelwind Flakpanzer
Jäger Squad
Wirbelwind Flakpanzer
Medical Bunker
JT
孤冰月
只出曲线
506767261
袅炸天
陈浩南
0
0
Comments
sign in to comment!
No comments posted yet!